 Dungeon Crawl Stone Soup version 0.30-a0-1016-gfb0d676c02 (webtiles) character file.

Game seed: 11658796503208174790

60 DeathPants the Ruffian (level 3, -1/29 HPs)
             Began as a Draconian Transmuter on Apr 6, 2023.
             Slain by a gnoll
             ... wielding a +0 spear
              (5 damage)
             ... on level 2 of the Dungeon.
             The game lasted 00:05:47 (1448 turns).

DeathPants the Ruffian (Draconian Transmuter)       Turns: 1448, Time: 00:05:48

Health: -1/29      AC:  5    Str: 14    XL:     3   Next: 80%
Magic:  4/6        EV: 12    Int: 13    God:
Gold:   73         SH:  5    Dex: 11    Spells: 3/6 levels left

rFire   . . .      SeeInvis .      - Unarmed
rCold   . . .      Faith    .    (no shield)
rNeg    . . .      Spirit   .    (body armour unavailable)
rPois   .          Reflect  +    (helmet currently unavailable)
rElec   .          Rampage  .    (no cloak)
rCorr   .                        (no gloves)
Will    .....                    (boots currently unavailable)
Stlth   +                        c - amulet of reflection
HPRegen 0.24/turn                (no ring)
MPRegen 0.10/turn                (no ring)

@: appendages (expiring), wereblooded
A: horns 2, talons 2, AC +5, unfitting armour, cold-blooded
a: End Transformation


You were on level 2 of the Dungeon.
You had temporarily grown beastly horns and talons.
You visited 1 branch of the dungeon, and saw 3 of its levels.

You collected 73 gold pieces.

Inventory:

Missiles
 f - 3 boomerangs
Jewellery
 c - an amulet of reflection (around neck)
 j - an amulet of the acrobat
Scrolls
 d - a scroll of teleportation {unknown}
 e - 3 scrolls of vulnerability {unknown}
 k - a scroll of enchant armour {unknown}
 m - a scroll of identify {unknown}
Potions
 a - 2 potions of lignification
 b - a potion of mutation {unknown}
 g - 2 potions of heal wounds {unknown}
 h - a potion of brilliance {unknown}
 i - a potion of degeneration {unknown}
 l - a potion of curing {unknown}


   Skills:
 + Level 2.0 Fighting
 + Level 2.3 Dodging
 + Level 3.4 Unarmed Combat
 + Level 2.4 Spellcasting
 + Level 2.5 Transmutations


You had 3 spell levels left.
You knew the following spells:

 Your Spells              Type           Power      Damage    Failure   Level
a - Beastly Appendage     Tmut           16%        N/A       9%          1
b - Wereblood             Tmut           8%         N/A       13%         2

Your spell library contained the following spells:

 Spells                   Type           Power      Damage    Failure   Level
 Blink                    Tloc           2%         N/A       36%         2
 Lesser Beckoning         Tloc           2%         N/A       36%         2
 Momentum Strike          Conj/Tloc      2%         3d8       36%         2
 Spider Form              Tmut/Pois      4%         N/A       41%         3
 Ice Form                 Ice/Tmut       4%         N/A       82%         4
 Manifold Assault         Tloc           1%         N/A       94%         4
 Storm Form               Tmut/Air       2%         N/A       100%        7


Dungeon Overview and Level Annotations

Branches:
Dungeon (3/15)

Altars:


Innate Abilities, Weirdness & Mutations

You have temporarily grown beastly horns and talons.
Your plain brown scales are hard. (AC +5)
You cannot fit into any form of body armour.
You are cold-blooded and may be slowed by cold attacks.


Message History

The bat hits you but does no damage.
Casting: Beastly Appendage (safe; 9% risk of failure)
Confirm with . or Enter, or press ? or * to list all spells.
Your blood is infused with primal strength.
The bat barely misses you. The bat closely misses you.
The gnoll barely misses you.
You hit the bat. Your headbutt misses the bat.
Your tail-slap misses the bat.
The bat is moderately wounded.
You block the bat's attack.
The gnoll hits you from afar with a +0 spear!
You miss the bat. Your kick misses the bat.
The bat is moderately wounded.
The bat hits you.
You hit the bat but do no damage. Your kick misses the bat.
Your tail-slap misses the bat.
The bat is moderately wounded.
The bat closely misses you. You block the gnoll's attack.
You hit the bat.
You feel a bit better.
You kill the bat!
The gnoll hits you from afar with a +0 spear.
The gnoll barely misses you. x2
There is an open door here.
You barely miss the gnoll.
Your tail-slap misses the gnoll.
The gnoll closely misses you. The gnoll hits you with a +0 spear.
You hit the gnoll. Your kick misses the gnoll.
The gnoll is lightly wounded.
The gnoll hits you but does no damage. You block the gnoll's attack.
You closely miss the gnoll. You claw the gnoll, but do no damage.
The gnoll is lightly wounded.
Your transformation is almost over.
The gnoll hits you with a +0 spear. You block the gnoll's attack.
You punch the gnoll! Your headbutt misses the gnoll.
The gnoll is severely wounded.
The gnoll hits you with a +0 spear. The gnoll barely misses you.
You hit the gnoll but do no damage. Your kick misses the gnoll.
The gnoll is severely wounded.
The gnoll barely misses you. The gnoll hits you with a +0 spear!
* * * LOW HITPOINT WARNING * * *
The gnoll hits you from afar with a +0 spear.
You die...

#.......#######.#†###..
####....# ###'#'##...
#....# #........8#
####....## #........#"
...'.....# #........8#
####.....# #..........
#.....# #.........#
#.######...#
###........
#......g@..+ ..........
#####.g#...# ###.......
#..#...# ... #..#...#
#..#...# #..#...#
#..#...# ### #..#####
#.. #..# #..


You could see 2 gnolls.

Vanquished Creatures
  An adder (D:2)
  A worm (D:1)
  An orc (D:2)
  6 bats
  3 endoplasms
  2 giant cockroaches (D:1)
  4 hobgoblins
  6 kobolds
  3 quokkas (D:1)
  7 ball pythons
  A frilled lizard (D:2)
  5 goblins
  3 rats (D:1)
43 creatures vanquished.

Notes
Turn   | Place    | Note
-------+----------+-------------------------------------------
     0 | D:1      | DeathPants the Draconian Transmuter began the quest for the
                  | Orb.
     0 | D:1      | Reached XP level 1. HP: 16/16 MP: 3/3
    80 | D:1      | Reached XP level 2. HP: 23/23 MP: 5/5
   230 | D:1      | Learned a level 2 spell: Wereblood
   646 | D:1      | Reached XP level 3. HP: 26/29 MP: 6/6
  1448 | D:2      | Slain by a gnoll

Illustrated notes

Levels and vault maps discovered:
D:1:      lightli_arrival_lavapool, layout_loops_cross, nicolae_wormholes
D:2:      layout_basic, shapermc_ecumenical_altar_rom_forum,
          minmay_statues_item, dreamdust_princess_bridge,
          chequers_serial_rivers_small_3,
          nicolae_concentric_dashed_squares_wild, nicolae_figureground_pulse
D:3:      layout_basic

Skill      XL: |  1  2  3 |
---------------+----------+-----
Dodging        | 2 |  2.3
Fighting       | 2 |  2.0
Unarmed Combat | |  3.4
Spellcasting   | |  2.4
Transmutations | |  2.5

Action                     || total
---------------------------++-------
  Melee: Unarmed           ||   132
         Kick              ||    12
         Tailslap          ||    13
         Headbutt          ||     4
         Punch             ||     2
   Cast: Beastly Appendage ||    10
         Wereblood         ||     1
 Armour: Skin              ||    38
  Dodge: Dodged            ||    77
  Block: Other             ||    23
         Reflection        ||     1

Table legend: (Time is in decaauts)
 A = Elapsed time spent in this place.
 B = Non-inter-level travel time spent in this place.
 C = Inter-level travel time spent in this place.
 D = Time resting spent in this place.
 E = Time spent auto-exploring this place.
 F = Levels seen in this place.
 G = Mean time per level.
                   A        B        C        D        E       F      G
               +--------+--------+--------+--------+--------+-----+--------+
         Total |   1441 |   1438 |      3 |      0 |   1032 |   3 |  480.3 |
       Dungeon |   1441 |   1438 |      3 |      0 |   1032 |   3 |  480.3 |
               +--------+--------+--------+--------+--------+-----+--------+

Top non-repeatable levels by time:
     D:1: 815 daAuts
     D:2: 613 daAuts
     D:3: 12 daAuts
